 Dungeon Crawl Stone Soup version 0.19-a0-1107-gc676ff4 (console) character file.

402 brucemayne the Chopper (level 6, -11/67 (69) HPs)
             Began as a Vampire Berserker on Aug 9, 2016.
             Was a Believer of Trog.
             Killed from afar by WhatIsLove's ghost (13 damage)
             ... with a bolt of negative energy
             ... on level 6 of the Dungeon.
             The game lasted 00:05:30 (1427 turns).

brucemayne the Chopper (Vampire Berserker)          Turns: 1427, Time: 00:05:31

HP:   -11/67 (69)   AC:  6    Str: 23    XL:     6   Next: 55%
MP:   6/6           EV: 11    Int:  9    God:    Trog [**....]
Gold: 141           SH:  0    Dex: 14    Spells: 0 memorised, 5 levels left

rFire  . . .     SeeInvis +     a - +0 hand axe
rCold  . . .     Gourm    .     d - +0 ring mail
rNeg   + . .     Faith    .     (no shield)
rPois  .         Spirit   .     (no helmet)
rElec  .         Dismiss  .     (no cloak)
rCorr  .         Reflect  .     t - +0 pair of gloves
SustAt .         Harm     .     (no boots)
MR     .....                    (no amulet)
Stlth  ..........               (no ring)
                                (no ring)

@: berserking (expiring), drained, very quick
A: fangs 3, see invisible, unbreathing
a: Bat Form, Berserk, Trog's Hand, Burn Spellbooks, Renounce Religion


You were on level 6 of the Dungeon.
You worshipped Trog.
Trog was pleased with you.
You were not thirsty.

You visited 1 branch of the dungeon, and saw 7 of its levels.

You collected 141 gold pieces.

Inventory:

Hand Weapons
 a - a +0 hand axe (weapon)
 e - a -2 hand axe
 g - a cursed -2 dagger
 r - a +0 blowgun
 s - a +0 flail of crushing
Missiles
 f - 4 needles of sleeping
 i - 28 poisoned needles
Armour
 b - a +0 animal skin
 d - a +0 ring mail (worn)
 h - a +0 ring mail
 t - a +0 pair of gloves (worn)
Wands
 p - a wand of paralysis (13/24)
 q - a wand of iceblast (4/15)
Scrolls
 k - 3 scrolls of remove curse
 v - a scroll of fear {unknown}
 w - a scroll of magic mapping {unknown}
 y - a scroll of amnesia {unknown}
Potions
 c - a potion of blood
 j - a potion of curing {unknown}
 l - a potion of invisibility {unknown}
 m - a potion of berserk rage {unknown}
 n - a potion of agility {unknown}
 o - a potion of heal wounds {unknown}
 u - a potion of flight {unknown}
Books
 x - a book of Conjurations

   Spells                             Type                      Level
   a - Magic Dart                     Conjuration                  1
   b - Searing Ray                    Conjuration                  2
   c - Dazzling Spray                 Conjuration/Hexes            3
   d - Fulminant Prism                Conjuration/Hexes            4
   e - Iskenderun's Mystic Blast      Conjuration                  4
   f - Iskenderun's Battlesphere      Conjuration/Charms           5
   Trog disapproves of the use of such an item.


   Skills:
 - Level 2.6(1.8) Fighting
 + Level 6.8(5.9) Axes
 - Level 1.5(0.7) Armour
 - Level 2.1(1.4) Dodging


You had 5 spell levels left.
You didn't know any spells.

Dungeon Overview and Level Annotations

Branches:
Dungeon (7/15)
 Temple: D:4-7

Altars:
Sif Muna
The Shining One

Annotations:
D:6 WhatIsLove's ghost, novice DrTm


Innate Abilities, Weirdness & Mutations

You have razor-sharp teeth.
You have supernaturally acute eyesight. (SInv)
You can survive without breathing.


Message History

WhatIsLove's ghost is heavily damaged.
WhatIsLove's ghost hits you.
* * * LOW HITPOINT WARNING * * *
You hit WhatIsLove's ghost.
WhatIsLove's ghost is severely damaged.
WhatIsLove's ghost hits you.
* * * LOW HITPOINT WARNING * * *
You miss WhatIsLove's ghost.
WhatIsLove's ghost is severely damaged.
You hit WhatIsLove's ghost.
WhatIsLove's ghost is severely damaged.
WhatIsLove's ghost hits you!
* * * LOW HITPOINT WARNING * * *
You hit WhatIsLove's ghost.
WhatIsLove's ghost is severely damaged.
You barely miss WhatIsLove's ghost.
WhatIsLove's ghost is severely damaged.
WhatIsLove's ghost breathes negative energy at you.
The bolt of negative energy hits you! You partially resist.
You feel drained.
You die...

#.. #.# #.# #.#
#.#### #....#
#..#W#
.#########..#@#
.'...W......#.#
.##########.#(#
#.#.# #.#.#
#.#.# #.#..
###.######
#..........


You could see WhatIsLove's ghost.

Vanquished Creatures
  A necrophage (D:5)
  A scorpion (D:4)
  A centaur skeleton (D:5)
  A hound (D:5)
  An orc priest (D:3)
  A giant frog skeleton (D:5)
  An iguana (D:5)
  6 gnolls
  3 adders
  A shadow imp (D:6)
  A worm (D:3)
  2 ball pythons
  3 bats
  2 giant cockroaches
  3 goblins
  2 hobgoblins
  3 kobolds
  2 giant gecko skeletons
  3 giant newts
  4 rats (D:3)
42 creatures vanquished.

Notes
Turn   | Place    | Note
-------+----------+-------------------------------------------
     0 | D:1      | brucemayne the Vampire Berserker began the quest for the Orb.
     0 | D:1      | Reached XP level 1. HP: 17/17 MP: 1/1
   102 | D:1      | Reached skill level 3 in Axes
   141 | D:2      | Reached XP level 2. HP: 23/23 MP: 2/2
   367 | D:4      | Noticed a scorpion
   376 | D:4      | Killed a scorpion
   376 | D:4      | Reached skill level 4 in Axes
   376 | D:4      | Reached XP level 3. HP: 28/28 MP: 3/3
   376 | D:4      | Reached XP level 4. HP: 34/34 MP: 4/4
   607 | D:3      | Reached ** piety under Trog
   612 | D:3      | Reached skill level 5 in Axes
   641 | D:3      | Found a glowing golden altar of the Shining One.
   782 | D:3      | Reached XP level 5. HP: 4/39 MP: 5/5
   882 | D:5      | Entered Level 5 of the Dungeon
  1116 | D:5      | Noticed a necrophage
  1136 | D:5      | Killed a necrophage
  1136 | D:5      | Reached skill level 6 in Axes
  1136 | D:5      | Reached XP level 6. HP: 32/45 MP: 6/6
  1166 | D:5      | Found a deep blue altar of Sif Muna.
  1238 | D:6      | Noticed WhatIsLove's ghost (novice DrTm)
  1425 | D:6      | HP: 2/67 [WhatIsLove's ghost (8)]
  1427 | D:6      | Killed from afar by WhatIsLove's ghost

Vault maps used:
D:1:      dpeg_chamrin_arrival_tetris
D:3:      tso_metal_star, first_bread, grunt_ministairs_13
D:4:      serial_shops, shop_statue, trog_hazing_becter
D:5:      overflow_temple_1_default
D:7:      basic_altar

Skill      XL: |  1  2  3  4  5 |
---------------+----------------+-----
Axes           | 3 4 5 6 |  6.8
Fighting       | |  2.6
Armour         | |  1.5
Dodging        | |  2.1

Action                   |  1- 3 |  4- 6 || total
-------------------------+-------+-------++-------
Melee: Hand axe          |    42 |   129 ||   171
       Bite              |     3 |    12 ||    15
       Unarmed           |       |     1 ||     1
Invok: Berserk           |     2 |     5 ||     7
       Trog's Hand       |       |     3 ||     3
 Abil: End Transformatio |       |     3 ||     3
       Bat Form          |       |     3 ||     3
  Use: Potion            |     2 |     8 ||    10
       Scroll            |     4 |       ||     4
Armor: Ring mail         |    22 |    56 ||    78
Dodge: Dodged            |    19 |    61 ||    80
